 Dungeon Crawl Stone Soup version 0.30-a0-726-gd89dcf765f (webtiles) character file.

Game seed: 9873011788452894793

98 oldriver the Trooper (level 4, -1/40 HPs)
             Began as a Ghoul Monk on Jan 30, 2023.
             Killed from afar by an orc wizard (5 damage)
             ... with a magic dart
             ... on level 3 of the Dungeon.
             The game lasted 00:01:43 (1362 turns).

oldriver the Trooper (Ghoul Monk)                   Turns: 1362, Time: 00:01:43

Health: -1/40      AC:  7    Str: 16    XL:     4   Next: 71%
Magic:  3/3        EV: 10    Int:  5    God:
Gold:   64         SH:  0    Dex: 11    Spells: 3/3 levels left

rFire   . . .      SeeInvis .    a - +0 hand axe
rCold   + . .      Faith    .    (no shield)
rNeg    + + +      Spirit   .    g - +0 scale mail
rPois   ∞          Reflect  .    (no helmet)
rElec   .          Harm     .    f - +0 cloak
rCorr   .          Rampage  .    (no gloves)
Will    .....                    (no boots) Stlth
                                 (no amulet)
HPRegen 0.00/turn                (no ring)
MPRegen 0.08/turn                (no ring)

@: confused, inhibited regen
A: claws 1, cold resistance 1, negative energy resistance 3, inhibited
regeneration, torment resistance 2, devour on kill
a: no special abilities


You were on level 3 of the Dungeon.
You visited 1 branch of the dungeon, and saw 3 of its levels.

You collected 64 gold pieces.

Inventory:

Hand Weapons
 a - a +0 hand axe (weapon)
Missiles
 b - 24 stones (quivered)
Armour
 f - a +0 cloak (worn)
 g - a +0 scale mail (worn)
Scrolls
 d - a scroll of noise {unknown}
 h - 3 scrolls of magic mapping {unknown}
 i - 2 scrolls of blinking {unknown}
 k - 2 scrolls of enchant armour {unknown}


   Skills:
 + Level 4.1 Fighting
 * Level 3.9 Axes
 - Level 2.6 Dodging
 + Level 3.3 Stealth


You had 3 spell levels left.
You didn't know any spells.
Your spell library was empty.

Dungeon Overview and Level Annotations

Branches:
Dungeon (3/15)

Altars:
Makhleb

Annotations:
D:3 Terence


Innate Abilities, Weirdness & Mutations

You are immune to poison.
You have sharp fingernails.
Your flesh is cold resistant. (rC+)
You are immune to negative energy. (rN+++)
You do not regenerate when monsters are visible.
You are immune to unholy pain and torment.
You thrive by killing the living.


Message History

Terence misses you.
You closely miss Terence.
Terence is severely wounded.
You hit the orc.
You kill the orc!
You miss something. Something hits you.
* * * LOW HITPOINT WARNING * * *
Terence hits you but does no damage.
You hear some strange, mumbled words.
A puff of flame appears from out of thin air!
The puff of flame hits you.
* * * LOW HITPOINT WARNING * * *
Terence hits you with a +0 falchion.
* * * LOW HITPOINT WARNING * * *
Something hits you but does no damage.
You're too confused to move!
Something hits you but does no damage. x2
Terence barely misses you.
It was a potion of heal wounds.
You feel much better.
You hear some strange, mumbled words.
A puff of flame appears from out of thin air!
The puff of flame hits you! Something hits you.
* * * LOW HITPOINT WARNING * * *
Terence closely misses you.
It was a potion of berserk rage.
You feel slightly irritated. Something hits you.
* * * LOW HITPOINT WARNING * * *
Something hits you but does no damage. Terence closely misses you.
You closely miss something. You miss something.
You hit Terence but do no damage. Something hits you.
* * * LOW HITPOINT WARNING * * *
Something hits you.
* * * LOW HITPOINT WARNING * * *
Terence hits you but does no damage.
You closely miss Terence.
Terence is severely wounded.
You barely miss something. x2
You hear some strange, mumbled words.
A magic dart appears from out of thin air!
The magic dart hits you.
You die...

#### ♣..# ♣.##
♣@{## ♣{@.##
#...... ♣))..#
....... ♣()..#
....... ♣.†..#
....... ♣....#
.oo....
♣..>?##.o..o..
..♣.......o.....
♣......<.g.....


You could see Terence.

Vanquished Creatures
  5 adders (D:2)
  A worm (D:2)
  3 orcs (D:3)
  5 bats
  4 endoplasms
  2 goblins
  4 hobgoblins (D:1)
  7 jackals
  4 kobolds
  3 quokkas
  2 ball pythons (D:1)
  A frilled lizard (D:2)
  3 rats
44 creatures vanquished.

Notes
Turn   | Place    | Note
-------+----------+-------------------------------------------
     0 | D:1      | oldriver the Ghoul Monk began the quest for the Orb.
     0 | D:1      | Reached XP level 1. HP: 19/19 MP: 0/0
    93 | D:1      | Reached XP level 2. HP: 24/26 MP: 1/1
   540 | D:1      | Reached XP level 3. HP: 28/31 MP: 2/2
  1026 | D:2      | Reached XP level 4. HP: 39/40 MP: 3/3
  1081 | D:2      | Reached skill level 4 in Fighting
  1098 | D:2      | Found a burning altar of Makhleb.
  1224 | D:2      | Identified the +2 leather armour of Responsibility {rF++
                  | rC- Str+2 Int+2}
  1284 | D:3      | Noticed Terence
  1362 | D:3      | Killed from afar by an orc wizard

Illustrated notes

Levels and vault maps discovered:
D:1:      mushboom_english_gardens, layout_loops_ring
D:2:      layout_rooms, basic_altar
D:3:      minmay_angry_zag, layout_rooms, mainiacjoe_overflow_paths,
          serial_shops, shop_fountains, uniq_terence

Skill      XL: |  1  2  3  4 |
---------------+-------------+-----
Axes           | 3 |  3.9
Stealth        | 3 |  3.3
Fighting       | 4 |  4.1
Dodging        | |  2.6

Action                     |  1- 3 |  4- 6 || total
---------------------------+-------+-------++-------
  Melee: Hand axe          |   117 |    44 ||   161
    Use: Potion            |       |     3 ||     3
   Stab: Sleeping          |     3 |       ||     3
 Armour: Robe              |    12 |       ||    12
         Scale mail        |    43 |    35 ||    78
  Dodge: Dodged            |    81 |    34 ||   115

Table legend: (Time is in decaauts)
 A = Elapsed time spent in this place.
 B = Non-inter-level travel time spent in this place.
 C = Inter-level travel time spent in this place.
 D = Time resting spent in this place.
 E = Time spent auto-exploring this place.
 F = Levels seen in this place.
 G = Mean time per level.
                   A        B        C        D        E       F      G
               +--------+--------+--------+--------+--------+-----+--------+
         Total |   1383 |   1254 |    129 |      0 |    924 |   3 |  461.0 |
       Dungeon |   1383 |   1254 |    129 |      0 |    924 |   3 |  461.0 |
               +--------+--------+--------+--------+--------+-----+--------+

Top non-repeatable levels by time:
     D:1: 836 daAuts
     D:2: 504 daAuts
     D:3: 42 daAuts
